 Dungeon Crawl Stone Soup version 0.21-a0-508-gf08a75f26b (webtiles) character file.

520 Kaname the Conjurer (level 7, 41/47 HPs)
             Began as a Demonspawn Wizard on Nov 28, 2017.
             Quit the game on level 4 of the Dungeon.
             The game lasted 00:13:40 (4534 turns).

Kaname the Conjurer (Demonspawn Wizard)             Turns: 4534, Time: 00:13:41

Health: 41/47      AC:  3    Str:  7    XL:     7   Next: 1%
Magic:  1/12       EV: 11    Int: 22    God:
Gold:   208        SH:  4    Dex: 11    Spells: 4/13 levels left

rFire    . . .     SeeInvis +   D - +1 dagger (venom)
rCold    . . .     Gourm    .   p - +1 buckler
rNeg     . . .     Faith    .   a - +0 robe
rPois    .         Spirit   .   b - +0 hat
rElec    .         Reflect  .   (no cloak)
rCorr    .         Harm     +   (no gloves)
MR       +....                  (no boots)
Stlth    ++........             g - amulet of harm
HPRegen  0.15/turn              z - ring of see invisible
MPRegen  0.13/turn              B - ring of protection from magic

@: no status effects
A: horns 1, rugged brown scales 1, demonic guardian 1, powered by pain 2
a: no special abilities


You were on level 4 of the Dungeon.
You were hungry.

You visited 1 branch of the dungeon, and saw 4 of its levels.

You collected 208 gold pieces.

Inventory:

Hand Weapons
 v - a +1 whip of flaming
 D - a +1 dagger of venom (weapon)
Armour
 a - a +0 robe (worn)
 b - a +0 hat (worn)
 p - a +1 buckler (worn)
Jewellery
 g - an amulet of harm (around neck)
 z - a ring of see invisible (left hand)
 B - a ring of protection from magic (right hand)
Wands
 o - a wand of flame (18)
 y - a wand of random effects (34)
 A - a wand of digging (9)
Scrolls
 c - a scroll of blinking {unknown}
 e - 2 scrolls of remove curse {unknown}
 m - 2 scrolls of identify {unknown}
 n - 3 scrolls of teleportation {unknown}
 q - 3 scrolls of enchant armour
 s - a scroll of immolation {unknown}
 t - 2 scrolls of random uselessness {unknown}
 w - a scroll of magic mapping {unknown}
Potions
 f - 3 potions of curing
 h - a potion of flight {unknown}
 j - 2 potions of brilliance {unknown}
 r - 2 potions of lignification {unknown}
 u - a potion of might {unknown}
Comestibles
 d - 2 bread rations
 i - a meat ration
 k - 5 fruits
 l - 3 royal jellies
 C - a chunk of flesh


   Skills:
 - Level 1.7 Dodging
 - Level 1.7 Stealth
 + Level 3.6 Spellcasting
 - Level 6.0 Conjurations
   Level 1.0 Summonings
 - Level 1.1 Translocations
 - Level 2.2 Fire Magic
 - Level 1.2 Air Magic
 - Level 1.0 Poison Magic


You had 4 spell levels left.
You knew the following spells:

 Your Spells              Type           Power        Failure   Level  Hunger
a - Magic Dart            Conj           ####         1%          1    None
b - Blink                 Tloc           N/A          19%         2    ##.....
c - Mephitic Cloud        Conj/Pois/Air  ###.....     19%         3    ###....
d - Conjure Flame         Conj/Fire      ###.....     11%         3    ###....


Dungeon Overview and Level Annotations

Branches:
Dungeon (4/15)
 Temple: D:4-7

Altars:
Gozag
Nemelex Xobeh
Ru
Uskayaw
Xom

Annotations:
D:4 Banto's ghost, amateur DsGl


Innate Abilities, Weirdness & Mutations

You have a pair of small horns on your head.
You are partially covered in rugged brown scales. (AC +1, +3% HP)
A weak demonic guardian rushes to your aid.
You sometimes gain power by taking damage.


Message History

Aim: a gnoll, wielding a flail (heavily wounded)
The magic dart hits the gnoll.
The gnoll is severely wounded.
Casting: Magic Dart
Confirm with . or Enter, or press ? or * to list all spells.
Aiming: Magic Dart
Press: ? - help, Shift-Dir - straight line, f/p - gnoll
Aim: a gnoll, wielding a flail (severely wounded)
The magic dart hits the gnoll.
The gnoll is severely wounded.
You are feeling hungry.
You barely miss the gnoll.
The gnoll is severely wounded.
You block the gnoll's attack.
You closely miss the gnoll. You headbutt the gnoll.
You kill the gnoll!
You have reached level 7!
Your demonic ancestry asserts itself...
Rugged brown scales grow over part of your body.
Are you sure you want to abandon this character and quit the game? (Confirm with "yes".)

.##.##.#..###.#
.......#....#.# ..
###.####..#.#.# ...
###.......#.#.# ....
..........#.#.# #...
##.#.####.#...####...
#.#.##..........#.##...
#.#..#.#.......).......
#.#.## ########@#.#....
#.#.# #g# # . #.# #.#
## #.# .)# .. #.# ..#
## #.# #..# ####.# #..#
.....# #... ######


You could see a gnoll.

Vanquished Creatures
  The ghost of Kaname the Conjurer, an amateur DsWz (D:3)
  2 howler monkeys (D:4)
  2 orc priests (D:4)
  An orc wizard (D:4)
  2 bullfrog skeletons (D:4)
  A hound skeleton (D:4)
  5 gnolls
  6 adders
  2 oozes
  2 worms (D:2)
  5 dart slugs
  2 leopard geckos
  5 orcs
  A ball python (D:1)
  6 bats
  3 giant cockroaches
  10 goblins
  8 hobgoblins
  A frilled lizard (D:1)
  7 kobolds
  9 rats
  2 butterflies (D:3)
83 creatures vanquished.

Vanquished Creatures (collateral kills)
  An orc priest (D:4)
  An orc wizard (D:4)
  An orc (D:4)
3 creatures vanquished.

Grand Total: 86 creatures vanquished

Notes
Turn   | Place    | Note
-------+----------+-------------------------------------------
     0 | D:1      | Kaname the Demonspawn Wizard began the quest for the Orb.
     0 | D:1      | Reached XP level 1. HP: 13/13 MP: 4/4
   327 | D:1      | Reached skill level 2 in Conjurations
   377 | D:1      | Gained mutation: You sometimes gain a little power by taking damage. [demonic ancestry]
   377 | D:1      | Reached XP level 2. HP: 19/19 MP: 3/6
   381 | D:1      | Learned a level 2 spell: Blink
  1027 | D:2      | Found a sparkling altar of Nemelex Xobeh.
  1145 | D:2      | Reached skill level 3 in Conjurations
  1145 | D:2      | Gained mutation: You sometimes gain power by taking damage. [demonic ancestry]
  1145 | D:2      | Reached XP level 3. HP: 24/24 MP: 1/7
  1150 | D:2      | Learned a level 3 spell: Mephitic Cloud
  1224 | D:2      | Reached skill level 1 in Translocations
  1352 | D:2      | Reached skill level 1 in Air Magic
  1421 | D:2      | Gained mutation: A weak demonic guardian rushes to your aid. [demonic ancestry]
  1421 | D:2      | Reached XP level 4. HP: 14/30 MP: 0/8
  1552 | D:2      | Reached skill level 1 in Poison Magic
  1557 | D:2      | Learned a level 3 spell: Conjure Flame
  1613 | D:2      | Found a hide-covered altar of Uskayaw.
  1740 | D:2      | Found a sacrificial altar of Ru.
  2107 | D:2      | Found a sacrificial altar of Ru.
  2204 | D:2      | Found a hide-covered altar of Uskayaw.
  2328 | D:2      | Found a sparkling altar of Nemelex Xobeh.
  2586 | D:3      | Noticed Kaname's ghost (amateur DsWz)
  2807 | D:2      | Found a sacrificial altar of Ru.
  2957 | D:2      | Found a hide-covered altar of Uskayaw.
  3100 | D:2      | Found a sparkling altar of Nemelex Xobeh.
  3520 | D:3      | Reached skill level 4 in Conjurations
  3619 | D:3      | Killed Kaname's ghost
  3619 | D:3      | Reached XP level 5. HP: 24/35 MP: 0/9
  3727 | D:3      | Found a shimmering altar of Xom.
  3957 | D:4      | Gained mutation: You have a pair of small horns on your head. [demonic ancestry]
  3957 | D:4      | Reached XP level 6. HP: 41/41 MP: 1/10
  3973 | D:4      | Noticed Banto's ghost (amateur DsGl)
  4079 | D:4      | Reached skill level 5 in Conjurations
  4347 | D:4      | Reached skill level 6 in Conjurations
  4408 | D:4      | Found an opulent altar of Gozag.
  4533 | D:4      | Gained mutation: You are partially covered in rugged brown scales. (AC +1, +3% HP) [demonic ancestry]
  4533 | D:4      | Reached XP level 7. HP: 41/47 MP: 1/12
  4534 | D:4      | Quit the game

Vault maps used:
D:1:      dpeg_arrival_rooms_c
D:2:      lemuel_round_altar, eat_drink_and_be_merry_uskayaw, lemuel_round_altar
D:3:      xom_butterflies, first_bread
D:4:      nicolae_overflow_crystal_walls, eino_tiny_chamber

Skill      XL: |  1  2  3  4  5  6 |
---------------+-------------------+-----
Conjurations   | 2 3 4 6 |  6.0
Translocations | 1 |  1.1
Air Magic      | 1 |  1.2
Poison Magic   | 1 |  1.0
Fire Magic     | 2 |  2.2
Dodging        | |  1.7
Stealth        | |  1.7
Spellcasting   | |  3.6
Summonings     | |  1.0

Action                   |  1- 3 |  4- 6 |  7- 9 || total
-------------------------+-------+-------+-------++-------
Melee: Unarmed           |    32 |       |       ||    32
       Short sword       |       |     7 |       ||     7
       Falchion          |       |    20 |       ||    20
       Whip              |       |     9 |       ||     9
       Headbutt          |       |     4 |       ||     4
       Dagger            |       |     2 |       ||     2
 Cast: Magic Dart        |    65 |   145 |       ||   210
       Mephitic Cloud    |     1 |     2 |       ||     3
Evoke: Wand              |       |     8 |       ||     8
  Use: Scroll            |       |     1 |       ||     1
  Eat: Chunk             |     1 |     8 |       ||     9
       Fruit             |       |     2 |       ||     2
Armor: Robe              |     6 |     3 |       ||     9
Dodge: Dodged            |    25 |    21 |       ||    46
Block: Buckler           |       |     8 |       ||     8
       Rpst.: Falchion   |       |     4 |       ||     4

Table legend:
 A = Spawn XP
 B = Non-spawn XP
 C = Spawn XP percentage of total XP
 D = Spawn monster count
 E = Non-spawn monster count
 F = Spawn count percentage of total count
 G = Total turns spent on level
                    A         B        C        D         E        F      G
               +---------+---------+-------+---------+---------+-------+---------
         Total |       0 |     743 |   0.0 |       0 |      84 |   0.0 |  4534
               +---------+---------+-------+---------+---------+-------+---------
           D:1 |       0 |      28 |   0.0 |       0 |      14 |   0.0 |   996
           D:2 |       0 |     102 |   0.0 |       0 |      22 |   0.0 |  2346
           D:3 |       0 |     196 |   0.0 |       0 |      29 |   0.0 |   612
           D:4 |       0 |     417 |   0.0 |       0 |      19 |   0.0 |   580
               +---------+---------+-------+---------+---------+-------+---------
